 Dungeon Crawl Stone Soup version 0.24.1 (webtiles) character file.

Game seed: 14770501856239147301, levelgen mode: deterministic

169 Curus the Distorting Demonspawn (level 5, -3/42 HPs)
             Began as a Demonspawn Abyssal Knight on Mar 28, 2020.
             Was a Believer of Lugonu.
             Slain by Sigmund
             ... wielding a +0 scythe
              (4 damage)
             ... on level 3 of the Dungeon.
             The game lasted 00:08:17 (2477 turns).

Curus the Distorting Demonspawn (DsAK)              Turns: 2477, Time: 00:08:18

Health: -3/42      AC:  8    Str: 13    XL:     5   Next: 25%
Magic:  9/9        EV: 11    Int: 16    God:    Lugonu [**....]
Gold:   124        SH:  0    Dex: 15    Spells: 4/4 levels left

rFire    . . .     SeeInvis .   a - +1 spear
rCold    . . .     Gourm    .   (no shield)
rNeg     . . .     Faith    .   b - +0 leather armour
rPois    .         Spirit   .   f - +1 helmet {Int+3}
rElec    .         Reflect  .   (no cloak)
rCorr    .         Harm     .   e - +0 pair of gloves
MR       .....                  i - +0 pair of boots
Stlth    +.........             (no amulet)
HPRegen  0.14/turn              d - +2 ring of dexterity
MPRegen  0.11/turn              (no ring)

@: confused, berserk cooldown, slowed, very slow
A: rugged brown scales 1, rot immunity
a: Depart the Abyss, Bend Space, Renounce Religion


You were on level 3 of the Dungeon.
You worshipped Lugonu.
Lugonu was pleased with you.
You were not hungry.

You visited 1 branch of the dungeon, and saw 3 of its levels.
You visited the Abyss 1 time.

You collected 124 gold pieces.

Inventory:

Hand Weapons
 a - a +1 spear (weapon)
Armour
 b - a +0 leather armour (worn)
 e - a +0 pair of gloves (worn)
 f - a +1 helmet of intelligence (worn)
 i - a +0 pair of boots (worn)
 j - a +2 hat
 l - the +4 robe of Augmentation {Str+4 Int+4 Dex+4}
   (You found it on level 1 of the Dungeon)

   It affects your strength (+4).
   It affects your intelligence (+4).
   It affects your dexterity (+4).
Jewellery
 d - a +2 ring of dexterity (left hand)
Potions
 g - a potion of haste
 h - a potion of lignification
Comestibles
 c - 6 rations


   Skills:
 - Level 3.0 Fighting
 + Level 3.7 Polearms
 - Level 1.7 Armour
 - Level 0.8 Dodging
 + Level 5.4 Invocations


You had 4 spell levels left.
You didn't know any spells.
Your spell library was empty.

Dungeon Overview and Level Annotations

Branches:
Dungeon (3/15)

Altars:
Dithmenos
Fedhas

Annotations:
D:3 Sigmund


Innate Abilities, Weirdness & Mutations

You are partially covered in rugged brown scales. (AC +1, +3% HP)
You are immune to rotting.


Message History

You hit something. You closely miss something. Something hits you!
You closely miss something. You barely miss something. Something hits you.
* * * LOW HITPOINT WARNING * * *
A red film seems to cover your vision as you go berserk!
You feel yourself moving faster!
You feel mighty! Something hits you!
* * * LOW HITPOINT WARNING * * *
You puncture something! You miss something.
You hear some strange, mumbled words.
You are confused.
You puncture something!
You feel a strong urge to attack something.
You feel your anger nearly subside.
You are no longer berserk.
You are exhausted.
You feel yourself slow down. Something hits you.
* * * LOW HITPOINT WARNING * * *
Something hits you.
You die...

## #.....# #.. )###....##
#. #... ...'...8# #. #..
#÷.#....## #.###.#
#..#.....# ###...#.#
##.##.⌠._###.......#
#####....#.#.......##
...###..##....%.{#.?######
.....####.......@.........
....#### ###....†.........
##.....## ##......####...
##.##...####.....## ..
#..###...†......# #
##(.####....###.#
##.####.##...#.#
#.##...####.#.. #....###
.#...


There were no monsters in sight!

Vanquished Creatures
  A scorpion (D:2)
  4 gnolls
  2 adders (D:2)
  An ooze (D:1)
  2 worms (D:2)
  A leopard gecko (D:1)
  4 giant cockroaches
  3 hobgoblins (D:1)
  5 jackals (D:2)
  8 kobolds
  A ball python (D:3)
  7 bats
  5 frilled lizards
  4 goblins
  9 rats
57 creatures vanquished.

Notes
Turn   | Place    | Note
-------+----------+-------------------------------------------
     0 | Abyss:1  | Curus the Demonspawn Abyssal Knight began the quest for the
                  | Orb.
     0 | Abyss:1  | Reached XP level 1. HP: 18/18 MP: 2/2
    16 | D:1      | Escaped the Abyss
   124 | D:1      | Reached skill level 3 in Invocations
   161 | D:1      | Gained mutation: You are partially covered in rugged brown
                  | scales. (AC +1, +3% HP) [demonic ancestry]
   161 | D:1      | Reached XP level 2. HP: 16/24 MP: 4/4
  1115 | D:1      | Reached XP level 3. HP: 29/29 MP: 5/5
  1179 | D:1      | Reached ** piety under Lugonu
  1229 | D:1      | Found the +4 robe of Augmentation {Str+4 Int+4 Dex+4}
  1333 | D:2      | Found a faded altar of an unknown god.
  1383 | D:2      | Reached skill level 4 in Invocations
  1438 | D:2      | Reached XP level 4. HP: 18/36 MP: 7/7
  1764 | D:2      | Reached skill level 5 in Invocations
  1764 | D:2      | Gained mutation: You are immune to rotting. [demonic
                  | ancestry]
  1764 | D:2      | Reached XP level 5. HP: 33/42 MP: 8/8
  2391 | D:3      | Found a blossoming altar of Fedhas.
  2391 | D:3      | Found a shadowy altar of Dithmenos.
  2454 | D:3      | Noticed Sigmund
  2476 | D:3      | HP: 1/42 [something (3)]
  2477 | D:3      | Slain by Sigmund

Levels and vault maps discovered:
D:1:      wheals_arrival_shading, layout_loops_ring, minivault_5,
          minmay_tetromino_t2
D:2:      layout_loops_ring, chequers_ecumenical_altar_island,
          minmay_misc_feat_x, minmay_distorted
D:3:      layout_rooms, grunt_temple_overflow_order_and_chaos_1,
          gammafunk_temple_overflow_pools, minmay_close_crescents, uniq_sigmund

Skill      XL: |  1  2  3  4 |
---------------+-------------+-----
Polearms       | 2 3 |  3.7
Invocations    | 3 4 5 |  5.4
Fighting       | |  3.0
Armour         | |  1.7
Dodging        | |  0.8

Action                   |  1- 3 |  4- 6 || total
-------------------------+-------+-------++-------
Melee: Spear             |   149 |   118 ||   267
  Use: Scroll            |     4 |     2 ||     6
       Potion            |     3 |     2 ||     5
 Stab: Sleeping          |       |     1 ||     1
  Eat: Chunk             |     2 |     3 ||     5
Armor: Leather armour    |    37 |    52 ||    89
Dodge: Dodged            |    61 |    58 ||   119
